 Dungeon Crawl Stone Soup version 0.29-a0-876-gfc89b1a5bd (webtiles) character file.

Game seed: 10622298968066539955

452 buhh the Trooper (level 7, 0/63 HPs)
             Began as a Meteoran Fighter on July 19, 2022.
             Slain by an ogre zombie (5 damage)
             ... in an ossuary.
             The game lasted 00:06:24 (1517 turns).

buhh the Trooper (Meteoran Fighter)                 Turns: 1517, Time: 00:06:25

Health: 0/63       AC:  8    Str: 19    XL:     7   Next: 50%
Magic:  8/8        EV:  9    Int: 10    God:
Gold:   145        SH:  5    Dex: 14    Spells: 6/6 levels left

rFire   . . .      SeeInvis .   a - +0 war axe
rCold   . . .      Faith    .   c - +0 buckler
rNeg    . . .      Spirit   .   b - +0 scale mail
rPois   .          Reflect  .   (no helmet)
rElec   .          Harm     .   (no cloak)
rCorr   .          Rampage  .   e - +0 pair of gloves
Will    .....                   (no boots)
Stlth   ..........              (no amulet)
HPRegen 0.20/turn               (no ring)
MPRegen 0.11/turn               (no ring)

@: mighty, glowing
A: sense surroundings 1, otherworldly, glowing, explore regen
a: no special abilities


You were in an ossuary.
You visited 1 branch of the dungeon, and saw 5 of its levels.
You also visited: Ossuary.

You collected 145 gold pieces.

Inventory:

Hand Weapons
 a - a +0 war axe (weapon)
Missiles
 i - 5 poisoned darts (quivered)
Armour
 b - a +0 scale mail (worn)
 c - a +0 buckler (worn)
 e - a +0 pair of gloves (worn)
Scrolls
 f - 4 scrolls of poison {unknown}
 g - 3 scrolls of identify {unknown}
 h - a scroll of fog {unknown}
 j - a scroll of immolation {unknown}
 l - a scroll of blinking {unknown}
 n - 4 scrolls of teleportation {unknown}
 o - a scroll of brand weapon {unknown}
 p - a scroll of magic mapping {unknown}
 q - a scroll of amnesia {unknown}


   Skills:
 + Level 6.1 Fighting
 + Level 5.9 Axes
 - Level 4.2 Armour
 - Level 4.3 Shields


You had 6 spell levels left.
You didn't know any spells.
Your spell library contained the following spells:

 Spells                   Type           Power      Damage    Failure   Level
 Conjure Flame            Conj/Fire      0%         6-21      99%         3
 Ignite Poison            Fire/Tmut/Pois 0%         N/A       99%         3
 Sticky Flame             Conj/Fire      0%         2d3       100%        4
 Freezing Cloud           Conj/Ice/Air   0%         6-21      100%        5
 Simulacrum               Ice/Necr       0%         N/A       100%        6
 Polar Vortex             Ice            0%         N/A       100%        9


Dungeon Overview and Level Annotations

Branches:
Dungeon (5/15) Zot: 1739  Ossuary (1/1) Zot: 250
 Temple: D:4-7

Altars:
Makhleb
Zin

Shops:
D:2 :

Annotations:
D:4 2 transporters, jimonade's ghost, novice FoFi


Innate Abilities, Weirdness & Mutations

You passively map a small area around you.
You are easily found by Zot.
You glow in the dark.
You regain HP and MP as you explore.


Message History

You feel mightier all of a sudden. The hound zombie barely misses you.
You barely miss the hound zombie.
The hound zombie bites you but does no damage. x2
You completely miss the hound zombie.
The hound zombie bites you but does no damage.
You slash the hound zombie!
The hound zombie is moderately damaged.
Your resistance to elements expires.
The hound zombie bites you.
The hound zombie bites you but does no damage.
You slash the ogre zombie!
The ogre zombie is lightly damaged.
You hit the hound zombie.
The hound zombie bites you but does no damage.
The ogre zombie hits you.
You slash the ogre zombie!
The ogre zombie is moderately damaged.
You barely miss the hound zombie. You slash the gnoll sergeant skeleton!
The hound zombie bites you. x2; The gnoll sergeant skeleton hits you.
The ogre zombie hits you!
* * * LOW HITPOINT WARNING * * *
You slash the ogre zombie!
The ogre zombie is severely damaged.
You slash the gnoll sergeant skeleton! You hit the ogre zombie.
You barely miss the hound zombie.
The hound zombie bites you but does no damage.
The ogre zombie hits you!
* * * LOW HITPOINT WARNING * * *
You block the gnoll sergeant skeleton's attack.
The hound zombie bites you.
* * * LOW HITPOINT WARNING * * *
You slice the ogre zombie!!
You destroy the ogre zombie!
You hit the hound zombie. You slash the gnoll sergeant skeleton!
You destroy the gnoll sergeant skeleton!
You hit the ogre zombie.
The hound zombie bites you but does no damage.
The ogre zombie hits you.
You die...

#..#,######....#......###*,+
#..### ............... *#..#
#..'.# ............... #..#
#..#.+ .....!??...... #..#
#..#.#, ....?!$=?.... ,* +..#
#..### *##..!$∩$!..########..#
#..'.# ....??$!?.......#.#..#
#..#.+ , .....!?!Z.......#.#..#
#..#.# .......@...'....'.'..#
#..### ......Z.........###..#
#..'.# *......#......####.#..#
#..#.+ , ......#.........#.#..#
#..#.#, .#....#....#....+.'..#
#..### ,#....#....#....###..#
#..'.#,, #....#....#....#.#..#
#..#.########'##'#########.#..#
#..#...#...#...#...#...#...#..#


You could see a hound zombie and an ogre zombie.

Vanquished Creatures
  Menkaure (Ossuary)
  A necrophage (D:3)
  2 centaur zombies (Ossuary)
  2 ogre zombies (Ossuary)
  6 mummies (Ossuary)
  2 adders
  A gnoll skeleton (Ossuary)
  2 adder zombies (Ossuary)
  An iguana skeleton (Ossuary)
  A worm (D:2)
  A dart slug (D:4)
  An orc (D:3)
  6 ball pythons
  2 endoplasms
  5 giant cockroaches
  A gnoll zombie (Ossuary)
  4 goblins
  3 hobgoblins
  9 jackals
  4 quokkas
  7 bats
  3 frilled lizards
  4 goblin zombies (Ossuary)
  6 hobgoblin zombies (Ossuary)
  9 kobolds
  4 kobold zombies (Ossuary)
  An orc zombie (Ossuary)
  4 quokka zombies (Ossuary)
  5 rats
98 creatures vanquished.

Notes
Turn   | Place    | Note
-------+----------+-------------------------------------------
     0 | D:1      | buhh the Meteoran Fighter began the quest for the Orb.
     0 | D:1      | Reached XP level 1. HP: 19/19 MP: 2/2
   110 | D:1      | Reached XP level 2. HP: 26/26 MP: 3/3
   275 | D:1      | Reached XP level 3. HP: 31/31 MP: 4/4
   550 | D:2      | Reached XP level 4. HP: 40/40 MP: 5/5
   575 | D:2      | Found Haothripelu's Book Shop.
   819 | D:3      | Found a burning altar of Makhleb.
   822 | D:3      | Found a glowing silver altar of Zin.
   823 | D:3      | Noticed an angel
   823 | D:3      | Noticed a green death
   873 | D:3      | Noticed a necrophage
   880 | D:3      | Killed a necrophage
   881 | D:3      | Reached skill level 4 in Fighting
   881 | D:3      | Reached XP level 5. HP: 41/47 MP: 6/6
  1133 | D:4      | Found a transporter.
  1151 | D:4      | Found a transporter.
  1161 | D:4      | Noticed jimonade's ghost (novice FoFi)
  1183 | D:5      | Entered Level 5 of the Dungeon
  1185 | D:5      | Found a sand-covered staircase.
  1200 | Ossuary  | Entered an ossuary
  1274 | Ossuary  | Reached XP level 6. HP: 48/53 MP: 7/7
  1383 | Ossuary  | Reached skill level 5 in Fighting
  1452 | Ossuary  | Reached skill level 5 in Axes
  1459 | Ossuary  | Noticed Menkaure
  1473 | Ossuary  | Killed Menkaure
  1474 | Ossuary  | Reached skill level 6 in Fighting
  1474 | Ossuary  | Reached XP level 7. HP: 20/63 MP: 8/8
  1517 | Ossuary  | Slain by an ogre zombie

Illustrated notes

Levels and vault maps discovered:
D:1:      saegor_arrival_miasma, layout_rooms, minmay_misc_feat_cross,
          hangedman_glass_teeth, nicolae_figureground_pulse
D:2:      layout_loops_ring, chequers_ecumenical_altar_simple, serial_shops,
          nicolae_shop_advertising_works [nicolae_subvault_shop_adworks],
          hangedman_decor_opposing
D:3:      layout_rooms, grunt_temple_overflow_order_and_chaos_2,
          dk_noncrumbling_2, minmay_checkerbox
D:4:      layout_basic, gammafunk_ghost_stat_death, minmay_strange_pillars
D:5:      layout_basic, elyvilon_altar_1, minmay_temple_entry_large_hall,
          enter_ossuary_1
Ossuary:  ossuary_boxes_badplayer

Skill      XL: |  1  2  3  4  5  6 |
---------------+-------------------+-----
Armour         | 4 |  4.2
Shields        | 4 |  4.3
Axes           | 3 4 5 |  5.9
Fighting       | 4 6 |  6.1

Action                   |  1- 3 |  4- 6 |  7- 9 || total
-------------------------+-------+-------+-------++-------
Melee: War axe           |    92 |   161 |     9 ||   262
  Use: Potion            |       |     5 |     1 ||     6
Armor: Scale mail        |    70 |    73 |     7 ||   150
       Skin              |       |    10 |     1 ||    11
Dodge: Dodged            |    48 |    47 |     1 ||    96
Block: Buckler           |    32 |    45 |     1 ||    78

Table legend: (Time is in decaauts)
 A = Elapsed time spent in this place.
 B = Non-inter-level travel time spent in this place.
 C = Inter-level travel time spent in this place.
 D = Time resting spent in this place.
 E = Time spent auto-exploring this place.
 F = Levels seen in this place.
 G = Mean time per level.
                   A        B        C        D        E       F      G
               +--------+--------+--------+--------+--------+-----+--------+
         Total |   1609 |   1477 |    132 |     28 |     55 |   6 |  268.2 |
       Dungeon |   1260 |   1128 |    132 |      0 |     55 |   5 |  252.0 |
       Ossuary |    348 |    348 |      0 |     28 |      0 |   1 |  348.0 |
               +--------+--------+--------+--------+--------+-----+--------+

Top non-repeatable levels by time:
     D:1: 438 daAuts
     D:2: 409 daAuts
 Ossuary: 348 daAuts
     D:3: 262 daAuts
     D:4: 132 daAuts
     D:5: 17 daAuts
